 Dungeon Crawl Stone Soup version 0.24-a0-639-gb70a11d811 (webtiles) character file.

Game seed: 11937100437456096450, levelgen mode: deterministic

32319 Ge0ff the Placeless Halfling (level 14, -15/96 (97) HPs)
             Began as a Halfling Warper on Sept 20, 2019.
             Was a Priest of Wu Jian.
             Demolished by a death ooze (22 damage)
             ... in a Gauntlet on Sept 21, 2019.
             The game lasted 01:14:15 (27612 turns).

Ge0ff the Placeless Halfling (Halfling Warper)     Turns: 27612, Time: 01:14:15

HP:   -15/96 (97)   AC: 16    Str: 16    XL:     14   Next: 2%
MP:   12/20         EV: 11    Int: 11    God:    Wu Jian [***...]
Gold: 1218          SH:  6    Dex: 15    Spells: 8/16 levels left

rFire    + . .     SeeInvis .   a - +1 dagger of Watchfulness {freeze, +Blink +Inv rPois rC+++}
rCold    + + +     Gourm    .   z - +0 buckler
rNeg     . . .     Faith    +   y - +1 plate armour {rC+}
rPois    +         Spirit   .   G - +2 hat
rElec    +         Reflect  .   X - +0 cloak
rCorr    .         Harm     .   t - +0 pair of gloves
MR       +....     NoTele   +   L - +0 pair of boots
Stlth    ..........             D - amulet of faith
HPRegen  0.26/turn              O - ring of fire
MPRegen  0.17/turn              (no ring)

@: very slightly contaminated
A: small, blurry vision 1, deformed body, mutation resistance 1, electricity
resistance
a: Wall Jump, Serpent's Lash, Renounce Religion, Evoke Blink, Evoke Invisibility


You were in a Gauntlet.
You worshipped Wu Jian.
Wu Jian was most pleased with you.
You were near starving.

You visited 3 branches of the dungeon, and saw 16 of its levels.
You also visited: Ossuary and Gauntlet.

You collected 1218 gold pieces.

Inventory:

Hand Weapons
 a - the +1 dagger of Watchfulness (weapon) {freeze, +Blink +Inv rPois rC+++}
   (You found it on level 9 of the Dungeon)

   It has been specially enchanted to freeze those struck by it, causing extra
   injury to most foes and up to half again as much damage against particularly
   susceptible opponents.
   It can also slow down cold-blooded creatures.
   It renders you almost immune to cold.
   It protects you from poison.
   It lets you turn invisible.
   It lets you blink.
 b - a +2 scimitar
 w - a +3 dagger of chaos
Missiles
 u - 8 curare-tipped darts
 v - 5 silver boomerangs
 I - 11 atropa-tipped darts
 J - 18 boomerangs
 K - 307 stones
 S - 10 poisoned darts (quivered)
 T - a throwing net {!f}
Armour
 t - a +0 pair of gloves (worn)
 y - a +1 plate armour of cold resistance (worn)
 z - a +0 buckler (worn)
 G - a +2 hat (worn)
 L - a +0 pair of boots (worn)
 X - a +0 cloak (worn)
Jewellery
 k - an uncursed ring of magical power {unknown}
 x - an uncursed ring of ice
 D - an amulet of faith (around neck)
 O - a ring of fire (left hand)
Wands
 j - a wand of acid (7)
Scrolls
 l - a scroll of enchant weapon
 m - 2 scrolls of magic mapping
 n - a scroll of random uselessness {unknown}
 q - a scroll of torment {unknown}
 B - 2 scrolls of blinking
 C - 7 scrolls of remove curse
 E - a scroll of fear
 F - 5 scrolls of fog
 N - a scroll of immolation {unknown}
 P - a scroll of enchant armour
 Q - a scroll of teleportation {unknown}
 V - 2 scrolls of vulnerability
Potions
 h - 2 potions of cancellation {unknown}
 o - 4 potions of ambrosia
 p - 3 potions of brilliance {unknown}
 A - 3 potions of agility
 H - 4 potions of haste {!q}
 M - 2 potions of might
 R - 2 potions of resistance
 U - a potion of invisibility {unknown}
 W - a potion of experience {unknown}
 Y - 2 potions of flight {unknown}
 Z - a potion of berserk rage {!q}
Comestibles
 r - 22 rations


   Skills:
 + Level 9.0 Fighting
 + Level 9.1 Short Blades
 - Level 4.0 Throwing
 + Level 9.0 Armour
 + Level 7.0 Dodging
 - Level 10.0 Stealth
 + Level 5.7 Shields
 - Level 1.5 Spellcasting
 - Level 11.0 Translocations
 + Level 9.0 Evocations


You had 8 spell levels left.
You knew the following spells:

 Your Spells              Type           Power        Failure   Level  Hunger
c - Blink                 Tloc           N/A          17%         2    ###....
j - Corona                Hex            #......      100%        1    ##.....
s - Shroud of Golubria    Chrm/Tloc      ##....       85%         2    ###....
t - Teleport Other        Tloc           ####....     32%         3    ####...

Your spell library contained the following spells:

 Spells                   Type           Power        Failure   Level  Hunger
 Gell's Gravitas          Tloc           ####......   32%         3    ####...
 Lesser Beckoning         Tloc           ####......   32%         3    ####...
 Passage of Golubria      Tloc           N/A          73%         4    #####..
 Flame Tongue             Conj/Fire      #....        100%        1    ##.....
 Freeze                   Ice            #...         100%        1    ##.....
 Ensorcelled Hibernation  Hex/Ice        #.....       100%        2    ###....
 Throw Flame              Conj/Fire      #.....       100%        2    ###....
 Throw Frost              Conj/Ice       #.....       100%        2    ###....
 Confuse                  Hex            #.......     100%        3    ####...
 Conjure Flame            Conj/Fire      #.......     100%        3    ####...
 Dazzling Spray           Conj/Hex       #.....       100%        3    ####...
 Inner Flame              Hex/Fire       #.......     100%        3    ####...
 Ozocubu's Armour         Chrm/Ice       #.......     100%        3    ####...
 Tukima's Dance           Hex            #.......     100%        3    ####...
 Sticky Flame             Conj/Fire      #.......     100%        4    #####..
 Summon Ice Beast         Ice/Summ       #.......     100%        4    #####..
 Throw Icicle             Conj/Ice       #.......     100%        4    #####..
 Fireball                 Conj/Fire      #.........   100%        5    ######.


Dungeon Overview and Level Annotations

Branches:
Dungeon (11/15)            Temple (1/1) D:7            Lair (4/6) D:11
 Shoals (0/4) Lair:2       Spider (0/4) Lair:3      Ossuary (visited)
Gauntlet (1/1)
    Orc: D:9-12

Altars:
Ashenzari
Cheibriados
Dithmenos
Elyvilon
Fedhas
Gozag
Hepliaklqana
Kikubaaqudgha
Makhleb
Nemelex Xobeh
Okawaru
Qazlal
Ru
Sif Muna
Trog
Uskayaw
Vehumet
Wu Jian
Xom
Yredelemnul
Zin
The Shining One

Annotations:
Lair:1 stash; fly Gauntlet 6 transporters


Innate Abilities, Weirdness & Mutations

You are small and have problems with some larger weapons.
You are somewhat resistant to further mutation.
Scrolls take you a little longer to read.
Armour fits poorly on your strangely shaped body.
You are resistant to electric shocks. (rElec)


Message History

Confirm with . or Enter, or press ? or * to list all spells.
You blink.
The death ooze jiggles.
You are near starving!
The death ooze hits you! The death ooze hits you!!
* * * LOW HITPOINT WARNING * * *
The death ooze hits you!
* * * LOW HITPOINT WARNING * * *
You feel your flesh rotting away! You block the death ooze's attack.
Two slime creatures merge to form a large slime creature.
Press: ? - help, v - describe, . - travel
Here: a death ooze The floor.
Really read with blurry vision while enemies are nearby?
You begin reading the scroll.
You continue reading the scroll.
The death ooze hits you.
* * * LOW HITPOINT WARNING * * *
The death ooze hits you!!
You die...

##..#...©}..#..#.(#.©.#[!#§§§
#≈..#########..###########.§#
##...........∩..............≈
#≈.................§........#
###≈#≈#≈#≈########≈#≈#≈#§#§##
#########.©..©.###########
#####......######
#...............#
#....J@.........#
####.###.###.####
###J###.###.###
#.............#
#.###.###.###.#
#..J..........#
#######+#######


You could see a death ooze.

Vanquished Creatures
  The ghost of Omaricsitoeh the Cleaver, a journeyman GrFi of Okawaru (Lair:2)
  Snorg (Lair:1)
  Fannar (D:11)
  3 hydras
  Harold (D:11)
  6 two-headed ogres
  An unseen horror (D:11)
  2 deep elf magi
  A lindwurm (Lair:3)
  Pikel (D:3)
  3 oklob plants (Lair:3)
  An ugly thing (D:11)
  A shining eye (Gauntlet)
  A wolf spider (Lair:3)
  Joseph (D:10)
  A smoke demon (Gauntlet)
  Psyche (D:9)
  A gargoyle (D:11)
  4 spiny frogs
  5 komodo dragons
  A rime drake (Lair:2)
  A red devil (Gauntlet)
  A troll (D:10)
  A jumping spider (Lair:3)
  Grinder (D:3)
  A hornet (D:8)
  2 hippogriffs
  9 blink frogs (Lair:3)
  A vampire (D:9)
  A redback (Lair:3)
  Eustachio (D:5)
  Sigmund (D:2)
  9 yaks
  A wraith (D:11)
  2 humans (D:8)
  A hungry ghost (D:9)
  A fire elemental (D:11)
  8 water moccasins
  2 floating eyes (Gauntlet)
  Duvessa (D:6)
  6 porcupines
  A slave (D:3)
  A black bear (D:11)
  2 orc warriors
  3 ice beasts
  2 sky beasts
  A phantom (D:4)
  9 ogres
  7 centaurs
  3 wolves (Lair:1)
  8 crocodiles
  3 big kobolds
  10 bullfrogs
  Dowan (D:6)
  5 scorpions
  12 wights
  20 killer bees
  2 electric eels
  4 howler monkeys
  2 centaur zombies
  5 crimson imps
  A bullfrog zombie (D:9)
  4 hounds
  A human zombie (Ossuary)
  6 jellies
  3 orc priests
  13 orc wizards
  3 centaur skeletons
  Crazy Yiuf (D:2)
  An iguana (D:8)
  5 worker ants
  4 ogre zombies (Ossuary)
  A hound zombie (D:7)
  7 mummies (Ossuary)
  A hound skeleton (D:11)
  11 gnolls
  A howler monkey skeleton (D:11)
  12 adders
  6 shadow imps
  5 oozes (D:8)
  5 adder zombies
  A worm (D:5)
  A dart slug (D:3)
  4 leopard geckos
  40 orcs
  10 bats
  4 giant cockroaches
  10 goblins
  4 hobgoblins
  14 jackals
  21 kobolds
  2 quokkas (D:2)
  7 frilled lizards
  A gnoll zombie (Ossuary)
  8 goblin zombies (Ossuary)
  2 kobold zombies (Ossuary)
  An orc zombie (Ossuary)
  A quokka skeleton (D:7)
  2 quokka zombies (Ossuary)
  5 rats
  7 rat zombies (Ossuary)
  A butterfly (Lair:3)
  22 plants (D:11)
449 creatures vanquished.

Vanquished Creatures (others)
  An ugly thing (D:11)
  An orc (D:10)
  A kobold (D:10)
  3 fungi
  5 plants
  13 withered plants (Gauntlet)
24 creatures vanquished.

Grand Total: 473 creatures vanquished

Notes
Turn   | Place    | Note
-------+----------+-------------------------------------------
     0 | D:1      | Ge0ff the Halfling Warper began the quest for the Orb.
     0 | D:1      | Reached XP level 1. HP: 14/14 MP: 3/3
   134 | D:1      | Reached XP level 2. HP: 18/19 MP: 4/4
   774 | D:1      | Reached XP level 3. HP: 24/24 MP: 5/5
  1622 | D:2      | Reached XP level 4. HP: 22/29 MP: 6/6
  1955 | D:2      | Noticed Sigmund
  1990 | D:2      | Killed Sigmund
  1990 | D:2      | Reached XP level 5. HP: 13/34 MP: 7/7
  1990 | D:2      | Reached XP level 6. HP: 15/39 MP: 8/8
  2264 | D:2      | Learned a level 2 spell: Blink
  2267 | D:2      | Learned a level 2 spell: Shroud of Golubria
  2271 | D:2      | Learned a level 3 spell: Teleport Other
  2550 | D:2      | Found a runed translucent door.
  2551 | D:2      | Noticed Crazy Yiuf
  2635 | D:3      | Noticed Grinder
  3068 | D:2      | Killed Crazy Yiuf
  3551 | D:3      | Killed Grinder
  3551 | D:3      | Reached skill level 1 in Evocations
  3551 | D:3      | Reached XP level 7. HP: 45/45 MP: 9/9
  4318 | D:4      | Found a sparkling altar of Nemelex Xobeh.
  4994 | D:4      | Reached XP level 8. HP: 52/52 MP: 10/10
  5123 | D:4      | Reached skill level 5 in Armour
  5557 | D:4      | Noticed Pikel
  5604 | D:3      | Killed Pikel
  5604 | D:3      | Reached XP level 9. HP: 27/63 MP: 11/11
  5955 | D:5      | Entered Level 5 of the Dungeon
  6009 | D:5      | Found a bloodstained altar of Trog.
  6009 | D:5      | Found an ornate altar of the Wu Jian Council.
  6014 | D:5      | Became a worshipper of the Wu Jian Council
  6087 | D:5      | Found a sand-covered staircase.
  6107 | Ossuary  | Entered an ossuary
  6465 | Ossuary  | Reached * piety under Wu Jian
  7042 | Ossuary  | Reached skill level 4 in Translocations
  7748 | D:5      | Gained mutation: You can translocate small distances at
                  | will. [potion of mutation]
  7748 | D:5      | Gained mutation: You are resistant to electric shocks.
                  | (rElec) [potion of mutation]
  7766 | D:5      | Reached skill level 5 in Translocations
  7874 | D:5      | Noticed Eustachio
  7880 | D:5      | Killed Eustachio
  7927 | D:5      | Reached skill level 6 in Translocations
  8161 | D:5      | Learned a level 1 spell: Corona
  8642 | D:6      | Noticed Duvessa
  8642 | D:6      | Noticed Dowan
  8674 | D:6      | Killed Duvessa
  8698 | D:6      | Killed Dowan
  8698 | D:6      | Reached ** piety under Wu Jian
 10289 | D:7      | Reached skill level 7 in Translocations
 10324 | D:7      | Reached XP level 10. HP: 38/71 MP: 12/12
 10511 | D:7      | Found a staircase to the Ecumenical Temple.
 10918 | D:7      | Reached skill level 8 in Translocations
 11020 | D:7      | Found a shattered altar of Ashenzari.
 11024 | D:7      | Saw a vision of the Shoals and the Spider Nest.
 11024 | D:7      | Noticed a wolf spider
 11024 | D:7      | Noticed a wolf spider
 11024 | D:7      | Noticed a merfolk siren
 11024 | D:7      | Noticed a merfolk siren
 11403 | D:7      | Reached skill level 1 in Shields
 11899 | D:8      | Noticed a two-headed ogre
 11912 | D:7      | Killed a two-headed ogre
 11993 | D:7      | Reached *** piety under Wu Jian
 12728 | Temple   | Entered the Ecumenical Temple
 13535 | D:8      | Reached skill level 5 in Shields
 14124 | D:8      | Reached skill level 9 in Translocations
 14675 | D:8      | Found an iron altar of Okawaru.
 14802 | D:8      | Reached XP level 11. HP: 34/75 MP: 13/13
 15083 | D:8      | Found an iron altar of Okawaru.
 15083 | D:8      | Found a burning altar of Makhleb.
 15089 | D:8      | Found a faded altar of an unknown god.
 15091 | D:8      | Found a blossoming altar of Fedhas.
 15530 | D:8      | Found a faded altar of an unknown god.
 15733 | D:9      | Noticed a two-headed ogre
 15750 | D:8      | Killed a two-headed ogre
 16115 | D:9      | Got a crude dagger
 16116 | D:9      | Identified the +1 dagger of Watchfulness {freeze, +Blink
                  | +Inv rPois rC+++} (You found it on level 9 of the Dungeon)
 16268 | D:9      | Reached skill level 1 in Stealth
 16297 | D:9      | Noticed Psyche
 16298 | D:9      | Noticed a deep elf mage
 16303 | D:9      | Paralysed by Psyche for 6 turns
 16314 | D:9      | Paralysed by Psyche for 2 turns
 16318 | D:9      | Killed Psyche
 16318 | D:9      | Reached skill level 5 in Dodging
 16322 | D:9      | Killed a deep elf mage
 16604 | D:9      | Noticed a two-headed ogre
 16622 | D:9      | Killed a two-headed ogre
 16640 | D:9      | Found a sparkling altar of Nemelex Xobeh.
 17064 | D:9      | Found a burning altar of Makhleb.
 17104 | D:10     | Entered Level 10 of the Dungeon
 17104 | D:10     | Noticed Joseph
 17125 | D:10     | Killed Joseph
 17214 | D:9      | Found a sparkling altar of Nemelex Xobeh.
 17489 | D:10     | HP: 1/77 [orc priest/divine providence (15)]
 17820 | D:10     | Reached skill level 5 in Evocations
 17833 | D:10     | Noticed a two-headed ogre
 17847 | D:10     | Killed a two-headed ogre
 18015 | D:10     | Reached skill level 5 in Stealth
 18080 | D:10     | Reached XP level 12. HP: 77/82 MP: 12/15
 18432 | D:11     | Noticed a two-headed ogre
 18446 | D:11     | Killed a two-headed ogre
 18590 | D:11     | Noticed Fannar
 18605 | D:11     | Killed Fannar
 18638 | D:11     | Found a staircase to the Lair.
 18647 | D:11     | Noticed a two-headed ogre
 18677 | D:11     | Killed a two-headed ogre
 18845 | D:11     | Got an ancient trident
 19096 | D:11     | Noticed Snorg
 19159 | Lair:1   | Entered Level 1 of the Lair of Beasts
 19164 | Lair:1   | HP: 1/82 [spiny frog (5)]
 19167 | Lair:1   | Reached skill level 10 in Translocations
 19542 | Lair:1   | Killed Snorg
 19797 | Lair:1   | Noticed Harold
 19935 | D:11     | Killed an unseen horror
 22346 | D:11     | Killed Harold
 22346 | D:11     | Reached XP level 13. HP: 56/89 MP: 14/17
 22481 | D:11     | Upgraded the game from 0.24-a0-630-g0d56a851f4 to
                  | 0.24-a0-639-gb70a11d811
 23085 | Lair:1   | Noticed a six-headed hydra
 23468 | Lair:1   | Killed a six-headed hydra
 24076 | Lair:2   | Found a staircase to the Shoals.
 24262 | Lair:2   | Found a runed translucent door.
 24267 | Lair:2   | Noticed Omaricsitoeh's ghost (journeyman GrFi)
 24313 | Lair:2   | Killed Omaricsitoeh's ghost
 24342 | Lair:2   | Noticed a six-headed hydra
 24421 | Lair:2   | Killed a six-headed hydra
 25712 | Lair:3   | Reached **** piety under Wu Jian
 26312 | Lair:3   | Reached skill level 10 in Stealth
 26387 | Lair:3   | Found a hole to the Spider Nest.
 26868 | Lair:3   | Reached skill level 11 in Translocations
 27058 | Lair:4   | Noticed a four-headed hydra
 27064 | Lair:4   | Killed a four-headed hydra
 27087 | Lair:4   | Found a gate leading to a gauntlet.
 27112 | Gauntlet | Entered a Gauntlet
 27112 | Gauntlet | Found a transporter.
 27112 | Gauntlet | Found a transporter.
 27112 | Gauntlet | Found a transporter.
 27123 | Gauntlet | Found a transporter.
 27126 | Gauntlet | Found a transporter.
 27147 | Gauntlet | Found a transporter.
 27147 | Gauntlet | Found a transporter.
 27153 | Gauntlet | Noticed a death ooze
 27159 | Gauntlet | Found a transporter.
 27177 | Gauntlet | Found a transporter.
 27182 | Gauntlet | Found a transporter.
 27185 | Gauntlet | Found a transporter.
 27195 | Gauntlet | Found a transporter.
 27287 | Gauntlet | Paralysed by a floating eye for 4 turns
 27303 | Gauntlet | Gained mutation: You tend to lose your temper in combat. [a
                  | shining eye]
 27304 | Gauntlet | Gained mutation: Scrolls take you a little longer to read.
                  | [a shining eye]
 27335 | Gauntlet | Noticed a spark wasp
 27359 | Gauntlet | Reached XP level 14. HP: 54/97 MP: 20/20
 27386 | Gauntlet | a spark wasp changed into an alligator
 27453 | Gauntlet | Noticed an azure jelly
 27453 | Gauntlet | an ettin changed into an azure jelly
 27457 | Gauntlet | an azure jelly changed into an alligator snapping turtle
 27495 | Gauntlet | Noticed a fire giant
 27495 | Gauntlet | an alligator snapping turtle changed into a fire giant
 27517 | Gauntlet | Noticed a black draconian
 27517 | Gauntlet | a fire giant changed into a black draconian
 27535 | Gauntlet | Noticed a spark wasp
 27535 | Gauntlet | a black draconian changed into a spark wasp
 27548 | Gauntlet | Lost mutation: You tend to lose your temper in combat.
                  | [potion of mutation]
 27548 | Gauntlet | Lost mutation: You can translocate small distances at will.
                  | [potion of mutation]
 27548 | Gauntlet | Gained mutation: Armour fits poorly on your strangely
                  | shaped body. [potion of mutation]
 27612 | Gauntlet | Demolished by a death ooze

Levels and vault maps discovered:
D:1:      matt_arrival_diagonals, layout_basic, hangedman_abyss_or_decor_stabs
D:2:      layout_basic, minmay_vboxes, uniq_sigmund, uniq_crazy_yiuf_cottage
D:3:      corexii_shack_village, layout_rooms, uniq_grinder
D:4:      layout_gridville, nemelex_xobeh_ov_fountains_minmay, serial_forest,
          infiniplex_forest_clump_small, infiniplex_forest_clump_tiny,
          infiniplex_forest_clump_curved, infiniplex_forest_clump_C,
          infiniplex_forest_lined_corner, infiniplex_forest_lined_room_2,
          infiniplex_forest_zigzag_2, uniq_pikel
D:5:      layout_basic, gammafunk_temple_overflow_elements,
          lightli_ossuary_entry_decrepit_ruins, first_ration, uniq_eustachio
D:6:      layout_gridville, uniq_duvessa
D:7:      layout_loops_ring, minmay_temple_entry_tees,
          minmay_misc_feat_enclosed, grunt_ashenzari_visionary
          [grunt_ashenzari_visionary_shoals, grunt_ashenzari_visionary_spider]
D:8:      layout_basic, chequers_temple_overflow_minitemple,
          hangedman_little_slice_of_home, okawaru_humans
D:9:      layout_roguey, basic_altar, makhleb_heckhound_becter, uniq_psyche
D:10:     layout_basic, serial_bayou_pond_d, uniq_joseph
D:11:     wad_woods_structure_01, layout_cave_pods, kennysheep_potato,
          uniq_fannar, uniq_snorg
Temple:   lightli_temple_of_artemis
Lair:1:   statuecave_lemuel, layout_loops_ring, grunt_megastairs_1, uniq_harold
Lair:2:   layout_regular_city, minmay_shoals_entry_centaurs,
          ebering_ghost_reflecting_pool, st_stairs_13
Lair:3:   layout_chaotic_city, spider_nest_entry_funnel_web,
          minmay_lair_oklob_chamber, serial_bayou_shore_b, serial_bayou_shore_a,
          infiniplex_staircase_pool_2, serial_bayou_shore_b, lemuel_fruit_tree,
          lemuel_fruit_fields
Lair:4:   layout_roguey, gauntlet_entry_generic
Gauntlet: minmay_gauntlet_mixed_big_or_small [nicolae_gauntlet_arena_t_cross,
          minmay_gauntlet_arena_77_tiled_triplets,
          gammafunk_gauntlet_arena_hedges,
          minmay_gauntlet_arena_77_chump_sandwich,
          gammafunk_gauntlet_arena_arrow_garden,
          minmay_gauntlet_arena_77_broken_ladder, gauntlet_exit_hidden_loot]

Skill      XL: |  1  2  3  4  5  6  7  8  9 10 11 12 13 |
---------------+----------------------------------------+-----
Fighting       | 2 3 6 7 8 9 |  9.0
Short Blades   | 3 4 6 7 8 9 |  9.1
Armour         | 3 4 5 6 8 9 |  9.0
Evocations     | 1 2 3 5 9 |  9.0
Translocations | 7 9 10 11 | 11.0
Throwing       | 2 3 4 |  4.0
Dodging        | 3 5 7 |  7.0
Shields        | 5 |  5.7
Stealth        | 5 8 10 | 10.0
Spellcasting   | |  1.5

Action                   |  1- 3 |  4- 6 |  7- 9 | 10-12 | 13-15 || total
-------------------------+-------+-------+-------+-------+-------++-------
Melee: Short sword       |   134 |   154 |   889 |   756 |       ||  1933
       Dagger            |       |       |       |  1027 |   775 ||  1802
       Scimitar          |       |       |       |   360 |    37 ||   397
Throw: Stone             |     8 |     2 |   174 |    40 |       ||   224
       Boomerang         |       |     5 |       |       |       ||     5
       Dart              |       |       |     6 |    68 |    14 ||    88
 Cast: Blink             |       |       |       |    10 |     6 ||    16
       Shroud of Golubri |       |       |       |     1 |       ||     1
Invok: Whirlwind         |       |       |   122 |   401 |   291 ||   814
       Lunge             |       |       |    10 |    52 |    26 ||    88
       Serpent's Lash    |       |       |       |    29 |    12 ||    41
 Abil: Wall Jump         |       |       |       |     1 |     1 ||     2
       Evoke Invisibilit |       |       |       |    20 |    17 ||    37
       Blink             |       |       |       |     2 |       ||     2
Evoke: Wand              |       |     4 |    18 |    24 |     2 ||    48
  Use: Scroll            |     3 |     1 |     3 |    17 |     3 ||    27
       Potion            |       |     1 |     2 |     6 |     1 ||    10
 Stab: Sleeping          |     1 |       |       |       |       ||     1
       Invisible         |       |     1 |     1 |    60 |    45 ||   107
       Distracted        |       |     1 |       |       |       ||     1
       Paralysed         |       |       |     5 |     8 |       ||    13
  Eat: Chunk             |     2 |     6 |    12 |    29 |    17 ||    66
       Ration            |       |       |     3 |     8 |     2 ||    13
Armor: Leather armour    |    38 |    20 |       |       |       ||    58
       Ring mail         |       |    10 |   158 |       |       ||   168
       Scale mail        |       |       |    21 |    37 |       ||    58
       Plate armour      |       |       |       |   599 |   181 ||   780
       Skin              |       |       |       |    27 |       ||    27
Dodge: Dodged            |    98 |   114 |   352 |   490 |   201 ||  1255
Block: Buckler           |       |       |       |   333 |   123 ||   456
       Rpst.: Scimitar   |       |       |       |       |     4 ||     4

Table legend:
 A = Non-vault XP
 B = Vault XP
 C = Vault XP percentage of total XP
 D = Non-vault monster count
 E = Vault monster count
 F = Vault count percentage of total count
                 A         B        C        D         E       F
            +---------+---------+-------+---------+---------+-------
      Total |   31336 |   14834 |  32.1 |     310 |     117 |  27.4
            +---------+---------+-------+---------+---------+-------
        D:1 |      30 |       0 |   0.0 |      20 |       0 |   0.0
        D:2 |      63 |     272 |  81.2 |      17 |      11 |  39.3
        D:3 |     202 |     915 |  81.9 |      23 |      12 |  34.3
        D:4 |     549 |       0 |   0.0 |      14 |       0 |   0.0
        D:5 |     478 |     208 |  30.3 |      11 |       1 |   8.3
        D:6 |     338 |     186 |  35.5 |      10 |       2 |  16.7
        D:7 |    2572 |       0 |   0.0 |      36 |       0 |   0.0
        D:8 |    2425 |     561 |  18.8 |      30 |      10 |  25.0
        D:9 |    3321 |     453 |  12.0 |      32 |       2 |   5.9
       D:10 |    2932 |     445 |  13.2 |      41 |       1 |   2.4
       D:11 |    5151 |    3477 |  40.3 |      23 |      16 |  41.0
     Lair:1 |    3394 |    1580 |  31.8 |      16 |       5 |  23.8
     Lair:2 |    2693 |    1573 |  36.9 |      10 |       5 |  33.3
     Lair:3 |    6079 |    3060 |  33.5 |      25 |       7 |  21.9
     Lair:4 |    1109 |       0 |   0.0 |       2 |       0 |   0.0
    Ossuary |       0 |     360 | 100.0 |       0 |      37 | 100.0
   Gauntlet |       0 |    1744 | 100.0 |       0 |       8 | 100.0
            +---------+---------+-------+---------+---------+-------
